 Dungeon Crawl Stone Soup version 0.28.0-43-g3370ac3207 (webtiles) character file.

Game seed: 10558298988027981892

30685 funkygono the Thaumaturge (level 13, -3/66 HPs)
             Began as a Gargoyle Fire Elementalist on Mar 9, 2022.
             Was a High Priest of Vehumet.
             Slain by an eight-headed hydra (8 damage)
             ... on level 3 of the Lair of Beasts.
             The game lasted 00:36:09 (17594 turns).

funkygono the Thaumaturge (GrFE)                   Turns: 17594, Time: 00:36:10

Health: -3/66      AC: 27    Str: 15    XL:     13   Next: 53%
Magic:  25/29      EV: 12    Int: 24    God:    Vehumet [*****.]
Gold:   851        SH:  0    Dex: 10    Spells: 10/37 levels left

rFire   . . .      SeeInvis .   C - +4 flail
rCold   . . .      Faith    .   (no shield)
rNeg    + . .      Spirit   .   G - +0 steam dragon scales
rPois   ∞          Reflect  .   N - +0 helmet {Int+3}
rElec   +          Harm     .   l - +2 cloak
rCorr   .          Rampage  .   B - +0 pair of gloves
Will    .....                   t - +1 pair of boots "Poaruc" {Slay+3}
Stlth   +++.......              O - amulet of magic regeneration
HPRegen 0.21/turn               x - +4 ring of protection
MPRegen 0.61/turn               n - ring "Loefuad" {Wiz rElec Str+3 Slay-6 Stlth+}

@: no status effects
A: sickness immunity, AC +9, negative energy resistance 1, electricity
resistance, torment resistance 1, petrification resistance
a: Renounce Religion


You were on level 3 of the Lair of Beasts.
You worshipped Vehumet.
Vehumet was extremely pleased with you.
You visited 3 branches of the dungeon, and saw 15 of its levels.
You also visited: Sewer and Gauntlet.

You collected 851 gold pieces.

Inventory:

Hand Weapons
 m - a +0 mace of flaming
 C - a +4 flail (weapon)
Armour
 g - the +1 leather armour "Cuxoga" {rElec rF+ Int+2}
   (You found it on level 5 of the Dungeon)

   Int:       It affects your intelligence (+2).
   rF:        It protects you from fire.
   rElec:     It insulates you from electricity.
 k - a scarf of shadows
 l - a +2 cloak (worn)
 p - a +1 troll leather armour {Pargi}
 t - the +1 pair of boots "Poaruc" (worn) {Slay+3}
   (You found it in a Gauntlet)

   Slay:      It affects your accuracy & damage with ranged weapons and melee
   (+3).
 B - a +0 pair of gloves (worn)
 F - the +1 kite shield of Gallantry {rN+ Int+6 Stlth+}
   (You took it off a minotaur in a Gauntlet)

   Int:       It affects your intelligence (+6).
   rN:        It protects you from negative energy.
   Stlth:     It makes you more stealthy.
 G - +0 steam dragon scales (worn)
 I - +0 storm dragon scales
 N - a +0 helmet of intelligence (worn)
Magical Staves
 L - a staff of earth
 M - a staff of poison
Jewellery
 n - the ring "Loefuad" (right hand) {Wiz rElec Str+3 Slay-6 Stlth+}
   (You found it in a Gauntlet)

   [ring of wizardry]

   It improves your spell success rate.
   Str:       It affects your strength (+3).
   Slay:      It affects your accuracy & damage with ranged weapons and melee
   (-6).
   rElec:     It insulates you from electricity.
   Stlth:     It makes you more stealthy.
 r - a ring of positive energy
 u - a ring of wizardry
 x - a +4 ring of protection (left hand)
 y - a ring of willpower
 D - the ring "Eseporud" {rN+ Dex+6 Stlth+}
   (You took it off a minotaur in a Gauntlet)

   [ring of dexterity]

   Dex:       It affects your dexterity (+6).
   rN:        It protects you from negative energy.
   Stlth:     It makes you more stealthy.
 O - an amulet of magic regeneration (around neck)
Wands
 c - a wand of polymorph (6)
 q - a wand of digging (2)
 v - a wand of flame (62)
 A - a wand of charming (9)
Scrolls
 a - 3 scrolls of fog
 e - 9 scrolls of teleportation
 f - a scroll of fear
 i - a scroll of blinking
Potions
 b - 3 potions of cancellation
 d - 8 potions of curing
 h - 2 potions of flight
 o - 3 potions of brilliance
 s - a potion of invisibility {unknown}
 w - 2 potions of mutation {unknown}
 z - 3 potions of haste {unknown}
 H - a potion of heal wounds {unknown}
 J - 3 potions of might
 K - 2 potions of lignification {unknown}
Miscellaneous
 j - a piece from Xom's chessboard (15/15)
 E - a phantom mirror


   Skills:
 + Level 2.1 Fighting
 + Level 3.5 Maces & Flails
 + Level 3.5 Armour
 + Level 3.2 Dodging
 - Level 2.1 Stealth
 + Level 12.9 Spellcasting
 + Level 10.0 Conjurations
 + Level 2.4 Transmutations
 + Level 11.3 Fire Magic
 + Level 7.1 Earth Magic
 + Level 6.4 Poison Magic


You had 10 spell levels left.
You knew the following spells:

 Your Spells              Type           Power      Damage    Failure   Level
a - Foxfire               Conj/Fire      100%       2x1d9     1%          1
b - Scorch                Fire           100%       2d10      1%          2
c - Conjure Flame         Conj/Fire      61%        6-21      1%          3
d - Flame Wave            Conj/Fire      61%        2d12      1%          4
e - Stone Arrow           Conj/Erth      100%       3d13      1%          3
f - Searing Ray           Conj           100%       2d8       1%          2
g - Olgreb's Toxic Radia  Pois           46%        N/A       1%          4
h - Ignite Poison         Fire/Tmut/Pois 47%        N/A       1%          3
i - Fireball              Conj/Fire      30%        3d13      1%          5

Your spell library contained the following spells:

 Spells                   Type           Power      Damage    Failure   Level
 Starburst                Conj/Fire      30%        6d9       1%          6
 Beastly Appendage        Tmut           54%        N/A       1%          1
 Magic Dart               Conj           100%       1d8       1%          1
 Sandblast                Erth           98%        2d20      1%          1
 Sting                    Tmut/Pois      100%       1d8       1%          1
 Passwall                 Tmut/Erth      31%        N/A       1%          2
 Poisonous Vapours        Pois/Air       62%        N/A       1%          2
 Wereblood                Tmut           27%        N/A       1%          2
 Dazzling Flash           Conj/Hex       78%        N/A       1%          3
 Inner Flame              Hex/Fire       42%        N/A       1%          3
 Mephitic Cloud           Conj/Pois/Air  41%        N/A       1%          3
 Spider Form              Tmut/Pois      36%        N/A       1%          3
 Irradiate                Conj/Tmut      22%        3d21      1%          5
 Call Imp                 Summ           15%        N/A       2%          2
 Corpse Rot               Necr/Air       30%        N/A       2%          2
 Tukima's Dance           Hex            15%        N/A       4%          3
 Yara's Violent Unravell  Hex/Tmut       10%        3d6       8%          5
 Anguish                  Hex/Necr       7%         N/A       16%         4
 Passage of Golubria      Tloc           15%        N/A       16%         4
 Agony                    Necr           15%        N/A       38%         5
 Silence                  Hex/Air        7%         N/A       38%         5
 Fire Storm               Conj/Fire      30%        8d8       97%         9
 Enfeeble                 Hex            7%         N/A       100%        7


Dungeon Overview and Level Annotations

Branches:
Dungeon (11/15)            Temple (1/1) D:5            Lair (3/6) D:8
  Swamp (0/4) Lair:2        Snake (0/4) Lair:2          Orc (0/2) D:10
  Sewer (visited)         Gauntlet (visited)

Altars:
Ashenzari
Cheibriados
Dithmenos
Elyvilon
Fedhas
Gozag
Hepliaklqana
Kikubaaqudgha
Makhleb
Nemelex Xobeh
Okawaru
Qazlal
Ru
Sif Muna
Trog
Uskayaw
Vehumet
Wu Jian
Xom
Yredelemnul
Zin
The Shining One
Beogh

Shops:
D:5 !:(*   D:10 (   D:11 *


Innate Abilities, Weirdness & Mutations

You are immune to sickness and miasma.
Your stone body is resilient. (AC +9)
You are immune to poison.
You resist negative energy. (rN+)
You are resistant to electric shocks. (rElec)
You are resistant to unholy torment.
You are immune to petrification.


Message History

The black mamba bites you.
* * * LOW HITPOINT WARNING * * *
The black mamba barely misses you.
Casting: Olgreb's Toxic Radiance (safe; 1% risk of failure)
Confirm with . or Enter, or press ? or * to list all spells.
Aiming: Stone Arrow (safe; 1% risk of failure)
Press: ? - help, Shift-Dir - straight line, f - black mamba
Aim: a black mamba (63% to hit)
The stone arrow hits the black mamba!
The black mamba is moderately wounded.
The black mamba bites you.
* * * LOW HITPOINT WARNING * * *
Casting: Stone Arrow (safe; 1% risk of failure)
Confirm with . or Enter, or press ? or * to list all spells.
Aiming: Stone Arrow (safe; 1% risk of failure)
Press: ? - help, Shift-Dir - straight line, f/p - black mamba
Aim: a black mamba (moderately wounded, 63% to hit)
The stone arrow hits the black mamba!!
The black mamba is almost dead.
The black mamba closely misses you. The black mamba barely misses you.
Unknown command.
Casting: Stone Arrow (safe; 1% risk of failure)
Confirm with . or Enter, or press ? or * to list all spells.
Aiming: Stone Arrow (safe; 1% risk of failure)
Press: ? - help, Shift-Dir - straight line, f/p - black mamba
Aim: a black mamba (almost dead, 63% to hit)
The stone arrow hits the black mamba!
You kill the black mamba!
Vehumet accepts your kill.
You feel your power returning.
The eight-headed hydra completely misses you.
The eight-headed hydra closely misses you.
The eight-headed hydra misses you.
The eight-headed hydra barely misses you.
The eight-headed hydra bites you!
* * * LOW HITPOINT WARNING * * *
The eight-headed hydra barely misses you.
The eight-headed hydra closely misses you.
The eight-headed hydra bites you!
You die...

..............#..................
.........................#.......
.#..##.#......#..................
..........#...#..........†...#...
.#........#...#............†.##.#
.......†......#..........#..#####
.#..#+....#....P...P.#..##..##
...........................).####
................@................
.................D...............
######.###.######.#.########.#.##
### ### ##### #####


You could see an eight-headed hydra.

Vanquished Creatures
  A minotaur (Gauntlet)
  Fannar (D:11)
  Harold (D:8)
  A hydra (Lair:3)
  A two-headed ogre (D:9)
  Erica (Lair:2)
  A death yak (Lair:3)
  A sixfirhy (Gauntlet)
  2 wizards (Gauntlet)
  4 elephants
  4 black mambas
  Maurice (D:9)
  An unseen horror (D:11)
  Maggie (D:8)
  2 komodo dragons
  A cane toad (Lair:1)
  3 rime drakes (Lair:3)
  2 kobold demonologists (D:11)
  A troll (D:9)
  2 hornets
  3 polar bears
  7 blink frogs (Lair:3)
  5 shadows
  2 basilisks
  A wyvern (Lair:2)
  56 yaks
  A naga (Lair:2)
  An acid dragon (D:9)
  11 water moccasins
  A hornet zombie (D:5)
  Pargi (Sewer)
  8 orc warriors
  3 sky beasts
  3 black bears
  2 ogres
  A centaur (D:8)
  4 ice beasts
  5 wolves (Lair:3)
  2 phantoms
  3 kobold brigands
  6 bullfrogs
  2 scorpions
  A wyvern zombie (D:8)
  A water moccasin zombie (D:5)
  An elephant simulacrum (Lair:3)
  8 killer bees
  8 wights
  An electric eel (D:8)
  2 howler monkeys
  4 centaur zombies
  Crazy Yiuf (D:2)
  A bullfrog zombie (D:6)
  9 orc priests
  2 hounds
  A jelly (D:6)
  A centaur skeleton (D:7)
  6 iguanas
  Terence (D:2)
  Jessica (D:2)
  10 orc wizards
  2 wolf simulacra (Lair:3)
  A killer bee zombie (D:8)
  A killer bee simulacrum (D:8)
  A howler monkey zombie (D:9)
  6 adders
  3 gnolls
  2 shadow imps (Gauntlet)
  11 white imps
  A howler monkey simulacrum (D:8)
  2 ufetubi (Gauntlet)
  An adder zombie (D:5)
  4 worms
  7 dart slugs
  41 orcs
  9 bats
  7 endoplasms
  2 giant cockroaches
  4 goblins
  11 hobgoblins
  3 quokkas
  7 ball pythons
  5 frilled lizards
  18 kobolds
  2 rats
370 creatures vanquished.

Vanquished Creatures (collateral kills)
  8 foxfires
8 creatures vanquished.

Vanquished Creatures (others)
  842 foxfires
  8 fungi
  3 plants
853 creatures vanquished.

Grand Total: 1231 creatures vanquished

Notes
Turn   | Place    | Note
-------+----------+-------------------------------------------
     0 | D:1      | funkygono the Gargoyle Fire Elementalist began the quest
                  | for the Orb.
     0 | D:1      | Reached XP level 1. HP: 10/10 MP: 3/3
   218 | D:1      | Reached XP level 2. HP: 15/15 MP: 1/5
   364 | D:1      | Learned a level 2 spell: Scorch
   650 | D:1      | Reached XP level 3. HP: 19/19 MP: 2/6
   654 | D:1      | Learned a level 3 spell: Conjure Flame
   695 | D:1      | Found a faded altar of an unknown god.
  1669 | D:2      | Noticed Jessica
  1674 | D:2      | Killed Jessica
  1675 | D:2      | Reached XP level 4. HP: 24/24 MP: 1/8
  1837 | D:2      | Found a runed translucent door.
  1838 | D:2      | Noticed Crazy Yiuf
  2164 | D:2      | Noticed Terence
  2174 | D:2      | Killed Terence
  2175 | D:2      | Reached skill level 3 in Spellcasting
  2377 | D:2      | Killed Crazy Yiuf
  2378 | D:2      | Reached XP level 5. HP: 13/28 MP: 0/9
  2796 | D:3      | Noticed an ogre
  2803 | D:3      | Killed an ogre
  2804 | D:3      | Reached skill level 5 in Fire Magic
  2804 | D:3      | Reached XP level 6. HP: 32/32 MP: 2/11
  2963 | D:3      | Identified the +2 plate armour of Vehumet's Approval
                  | {rCorr}
  3168 | D:3      | Found a glowing drain.
  3240 | Sewer    | Entered a sewer
  3299 | Sewer    | Noticed Pargi
  3308 | Sewer    | Killed Pargi
  3309 | Sewer    | Reached skill level 4 in Spellcasting
  3542 | D:3      | Found a large runed translucent door.
  3542 | D:3      | Found a large runed translucent door.
  3549 | D:3      | Found a shimmering altar of Xom.
  4119 | D:3      | Learned a level 4 spell: Flame Wave
  4462 | D:4      | Reached XP level 7. HP: 36/36 MP: 8/13
  5161 | D:5      | Entered Level 5 of the Dungeon
  5358 | D:5      | Reached skill level 5 in Spellcasting
  5359 | D:5      | Identified the +1 leather armour "Cuxoga" {rElec rF+ Int+2}
  5410 | D:5      | Found Evoh's Book Boutique.
  5422 | D:5      | Found Narebb's Weapon Shoppe.
  5610 | D:5      | Found a staircase to the Ecumenical Temple.
  5624 | Temple   | Entered the Ecumenical Temple
  5659 | Temple   | Became a worshipper of Vehumet
  6027 | D:5      | Reached XP level 8. HP: 39/41 MP: 1/16
  6094 | D:5      | Reached skill level 1 in Armour
  6185 | D:5      | Found Tachoim's Distillery.
  6265 | D:5      | Found Ikhenn's General Store.
  6701 | D:6      | Learned a level 3 spell: Stone Arrow
  6747 | D:6      | Reached skill level 6 in Spellcasting
  7031 | D:6      | Reached skill level 1 in Earth Magic
  7757 | D:7      | Noticed a hornet
  7767 | D:7      | Reached skill level 5 in Conjurations
  7767 | D:7      | Reached XP level 9. HP: 24/45 MP: 2/19
  7781 | D:7      | Killed a hornet
  7973 | D:7      | Reached * piety under Vehumet
  7973 | D:7      | Offered knowledge of Freeze by Vehumet.
  8288 | D:7      | Reached skill level 7 in Spellcasting
  8901 | D:8      | Noticed an elephant
  8909 | D:8      | Reached skill level 8 in Spellcasting
  8909 | D:8      | Reached XP level 10. HP: 51/51 MP: 8/22
  8930 | D:7      | Killed an elephant
  8931 | D:7      | Reached skill level 1 in Fighting
  9094 | D:7      | Reached skill level 1 in Maces & Flails
  9350 | D:8      | Found a staircase to the Lair.
  9493 | D:8      | Offered knowledge of Searing Ray by Vehumet.
  9498 | D:8      | Learned a level 2 spell: Searing Ray
  9508 | D:8      | Reached ** piety under Vehumet
  9736 | D:8      | Noticed Harold
  9759 | D:8      | Killed Harold
  9760 | D:8      | Reached skill level 9 in Spellcasting
  9912 | D:8      | Reached skill level 5 in Earth Magic
 10119 | D:8      | Found a snail-covered altar of Cheibriados.
 10532 | D:8      | Noticed Maggie
 10546 | D:8      | Killed Maggie
 10623 | D:8      | Offered knowledge of Static Discharge by Vehumet.
 10847 | D:9      | Reached XP level 11. HP: 50/56 MP: 13/24
 11094 | D:9      | Reached *** piety under Vehumet
 11210 | D:9      | Reached skill level 10 in Spellcasting
 11213 | D:9      | Reached skill level 10 in Fire Magic
 11218 | D:9      | Learned a level 4 spell: Olgreb's Toxic Radiance
 11364 | D:9      | Noticed a two-headed ogre
 11371 | D:9      | Killed a two-headed ogre
 11374 | D:9      | Reached skill level 1 in Poison Magic
 11399 | D:9      | Offered knowledge of Ignite Poison by Vehumet.
 11603 | D:9      | Noticed Maurice
 11618 | D:9      | Killed Maurice
 11982 | D:9      | Learned a level 3 spell: Ignite Poison
 11999 | D:10     | Entered Level 10 of the Dungeon
 12030 | D:10     | Found Byngufuw's Weapon Shop.
 12707 | D:10     | Reached **** piety under Vehumet
 12838 | D:10     | Found a staircase to the Orcish Mines.
 12844 | D:10     | Offered knowledge of Fireball by Vehumet.
 13108 | D:10     | Learned a level 5 spell: Fireball
 13258 | D:11     | Reached XP level 12. HP: 55/62 MP: 17/26
 13332 | D:11     | Noticed Fannar
 13340 | D:11     | Killed Fannar
 13341 | D:11     | Reached skill level 11 in Spellcasting
 13845 | D:11     | Found Kesim's Assorted Antiques.
 14808 | Lair:1   | Entered Level 1 of the Lair of Beasts
 15324 | Lair:1   | Reached skill level 1 in Transmutations
 15975 | Lair:2   | Noticed Erica
 15984 | Lair:2   | Killed Erica
 16028 | Lair:2   | Found a staircase to the Swamp.
 16033 | Lair:2   | Reached skill level 5 in Poison Magic
 16084 | Lair:2   | Reached skill level 12 in Spellcasting
 16265 | Lair:2   | Found a staircase to the Snake Pit.
 16522 | Lair:3   | Reached XP level 13. HP: 66/66 MP: 15/29
 16563 | Lair:3   | Found a gate leading to a gauntlet.
 16572 | Gauntlet | Entered a Gauntlet
 16572 | Gauntlet | Found a transporter.
 16572 | Gauntlet | Found a transporter.
 16574 | Gauntlet | Found a transporter.
 16579 | Gauntlet | Found a transporter.
 16580 | Gauntlet | Found a transporter.
 16580 | Gauntlet | Found a transporter.
 16613 | Gauntlet | Found a transporter.
 16616 | Gauntlet | Found a transporter.
 16625 | Gauntlet | Found a transporter.
 16640 | Gauntlet | Found a transporter.
 16654 | Gauntlet | Found a transporter.
 16658 | Gauntlet | Found a transporter.
 16848 | Gauntlet | Reached ***** piety under Vehumet
 16848 | Gauntlet | Offered knowledge of Starburst by Vehumet.
 16854 | Gauntlet | Identified the ring "Loefuad" {Wiz rElec Str+3 Slay-6
                  | Stlth+}
 16907 | Gauntlet | Identified the +1 pair of boots "Poaruc" {Slay+3}
 16946 | Gauntlet | Identified the +1 kite shield of Gallantry {rN+ Int+6
                  | Stlth+}
 16946 | Gauntlet | Identified the ring "Eseporud" {rN+ Dex+6 Stlth+}
 16946 | Gauntlet | Noticed a minotaur
 16955 | Gauntlet | Killed a minotaur
 17127 | Gauntlet | Got Vehumet's Papyrus of Battle Magic
 17548 | Lair:3   | Reached skill level 10 in Conjurations
 17594 | Lair:3   | Slain by an eight-headed hydra

Illustrated notes

Levels and vault maps discovered:
D:1:      elethiomel_arrival_shortcut, layout_basic,
          dilly_ecumenical_altar_fadedgnrine, serial_forest,
          infiniplex_forest_lined_4_way, infiniplex_forest_straight_1,
          infiniplex_forest_clump_tiny, infiniplex_forest_clump_diagonal,
          infiniplex_forest_clump_cross, infiniplex_forest_diagonal,
          infiniplex_forest_lined_2
D:2:      layout_loops_ring, uniq_crazy_yiuf_cottage, uniq_jessica, uniq_terence
D:3:      due_chaos_kobolds, layout_loops_ring, cheibrodos_sewer_entry_bend,
          minmay_misc_feat_iff
D:4:      layout_loops_ring
D:5:      layout_gridville, minmay_temple_entry_junction, serial_shops, shop,
          nicolae_shop_behind_doors, shop, nicolae_shop_stone,
          serial_bayou_pond_c
D:6:      layout_rooms
D:7:      layout_loops_cross, hangedman_abyss_or_decor_stabs, chequers_jeans,
          glass_columns_a
D:8:      layout_basic, kennysheep_slug_shrine, david_lair_generic, serial_ice,
          serial_ice_c, serial_ice_o, serial_ice_b, serial_ice_l,
          minmay_checkerbox, uniq_harold, uniq_maggie
D:9:      layout_roguey, uniq_maurice
D:10:     layout_loops_ring, minmay_orc_entry_temple_small, serial_shops,
          nicolae_shop_crystal
D:11:     layout_roguey, serial_shops, nicolae_shop_advertising_works
          [nicolae_subvault_shop_adworks], uniq_fannar
Temple:   mainiacjoe_temple_hex_bubbles
Lair:1:   layout_gridlike
Lair:2:   layout_misc_corridors, minmay_swamp_entry_reptiles,
          guppyfry_snake_entry_island, serial_bayou_shore_a, uniq_erica
Lair:3:   nzn_winding_woodlands_cross [nzn_winding_woodlands_5x15_eye,
          nzn_winding_woodlands_5x15_longhouse,
          nzn_winding_woodlands_5x15_sawtooth,
          nzn_winding_woodlands_5x15_pockets,
          nzn_winding_woodlands_15x15_boxy_spiral], layout_chaotic_city,
          portal_ice_cave_entry_ice_simulacra, gauntlet_entry_generic

Skill      XL: |  1  2  3  4  5  6  7  8  9 10 11 12 13 |
---------------+----------------------------------------+-----
Fire Magic     | 4 5 6 7 8 9 10 11 | 11.3
Spellcasting   | 3 4 5 6 8 9 10 12 | 12.9
Conjurations   | 2 4 5 6 7 8 9 10 | 10.0
Armour         | 1 2 3 |  3.5
Earth Magic    | 1 3 5 6 7 |  7.1
Dodging        | 2 3 |  3.2
Fighting       | 1 2 |  2.1
Maces & Flails | 1 2 3 |  3.5
Poison Magic   | 3 5 6 |  6.4
Transmutations | 1 2 |  2.4
Stealth        | |  2.1

Action                   |  1- 3 |  4- 6 |  7- 9 | 10-12 | 13-15 || total
-------------------------+-------+-------+-------+-------+-------++-------
Melee: Unarmed           |     3 |       |       |       |       ||     3
       Club              |       |     1 |       |       |       ||     1
       Mace              |       |       |    16 |    25 |       ||    41
       Flail             |       |       |       |    54 |     4 ||    58
       Punch             |       |       |       |     5 |       ||     5
 Cast: Foxfire           |    47 |    74 |   144 |   204 |    29 ||   498
       Scorch            |     8 |    17 |    24 |    21 |     1 ||    71
       Stone Arrow       |       |       |    11 |    91 |    32 ||   134
       Conjure Flame     |       |       |     2 |     2 |       ||     4
       Flame Wave        |       |       |     5 |    22 |     5 ||    32
       Ignite Poison     |       |       |       |    32 |     9 ||    41
       Olgreb's Toxic Ra |       |       |       |    23 |    12 ||    35
  Use: Scroll            |       |     6 |     8 |     7 |       ||    21
       Potion            |       |       |     1 |       |       ||     1
Armor: Robe              |     2 |     4 |       |       |       ||     6
       Troll leather arm |       |     2 |    37 |   166 |       ||   205
       Steam dragon scal |       |       |       |    16 |    35 ||    51
Dodge: Dodged            |    10 |    14 |    33 |   129 |    32 ||   218
